 Dungeon Crawl Stone Soup version 0.26.1-2-gb8aa6d0cf2 (webtiles) character file.

Game seed: 517336725943614946

204 DearestLeader the Sneak (level 5, -2/24 HPs)
             Began as a Spriggan Enchanter on Mar 22, 2021.
             Killed from afar by Natasha (9 damage)
             ... with a puff of flame
             ... on level 3 of the Dungeon.
             The game lasted 00:06:56 (3218 turns).

DearestLeader the Sneak (Spriggan Enchanter)        Turns: 3218, Time: 00:06:56

Health: -2/24      AC:  6    Str:  4    XL:     5   Next: 52%
Magic:  1/10       EV: 18    Int: 17    God:
Gold:   141        SH:  0    Dex: 17    Spells: 6/9 levels left

rFire    . . .     SeeInvis +   j - +1 dagger (elec)
rCold    . . .     Faith    .   (shield restricted)
rNeg     . . .     Spirit   .   b - +0 robe
rPois    .         Reflect  .   (helmet restricted)
rElec    .         Harm     .   (no cloak)
rCorr    .         Rampage  .   (gloves unavailable)
Will     .....                  (boots unavailable)
Stlth    +++.......             (no amulet)
HPRegen  0.08/turn              d - +4 ring of protection
MPRegen  0.12/turn              (no ring)

@: very slightly contaminated, very quick
A: very small, unfitting armour, see invisible, speed 3
a: no special abilities


You were on level 3 of the Dungeon.
You visited 1 branch of the dungeon, and saw 3 of its levels.

You collected 141 gold pieces.

Inventory:

Hand Weapons
 a - a +1 dagger
 j - a +1 dagger of electrocution (weapon)
Armour
 b - a +0 robe (worn)
Jewellery
 d - a +4 ring of protection (left hand)
 s - an uncursed ring of resist corrosion {unknown}
 t - an uncursed ring of see invisible {unknown}
Scrolls
 c - 2 scrolls of magic mapping {unknown}
 g - 2 scrolls of remove curse {unknown}
 k - a scroll of amnesia {unknown}
 l - 2 scrolls of identify {unknown}
 o - 5 scrolls of teleportation {unknown}
 p - a scroll of enchant weapon {unknown}
Potions
 e - 2 potions of mutation {unknown}
 f - 2 potions of attraction {unknown}
 h - 3 potions of curing
 i - a potion of lignification {unknown}
 m - a potion of invisibility {unknown}
 n - 3 potions of ambrosia {unknown}
 q - a potion of resistance {unknown}
 r - a potion of haste {unknown}


   Skills:
 * Level 4.9 Short Blades
 - Level 3.0 Dodging
 + Level 6.4 Stealth
 - Level 2.6 Spellcasting
 - Level 4.0 Hexes


You had 6 spell levels left.
You knew the following spells:

 Your Spells              Type           Power        Failure   Level
a - Corona                Hex            16%          3%          1
b - Ensorcelled Hibernat  Hex/Ice        18%          12%         2

Your spell library contained the following spells:

 Spells                   Type           Power        Failure   Level
 Confusing Touch          Hex            15%          11%         3
 Tukima's Dance           Hex            15%          11%         3
 Dazzling Flash           Conj/Hex       18%          24%         3


Dungeon Overview and Level Annotations

Branches:
Dungeon (3/15)

Altars:
Ashenzari
Qazlal

Annotations:
D:3 Ijyb, Natasha


Innate Abilities, Weirdness & Mutations

You are very small and have problems with some larger weapons.
You are too small for most types of armour.
You have supernaturally acute eyesight. (SInv)
You cover ground extremely quickly.


Message History

Aim: Natasha, carrying a wand of flame (10) (chance to affect: 40%)
You miscast Ensorcelled Hibernation.
You are very lightly contaminated with residual magic.
Nothing appears to happen.
Natasha barely misses you.
Casting: Ensorcelled Hibernation (safe; 12% risk of failure)
Confirm with . or Enter, or press ? or * to list all spells.
Aiming: Ensorcelled Hibernation (safe; 12% risk of failure)
Press: ? - help, Shift-Dir - straight line, f/p - Natasha
Aim: Natasha, carrying a wand of flame (10) (chance to affect: 40%) Natasha resists with some effort.
Natasha howls an incantation.
You feel troubled. Natasha closely misses you.
Ijyb the Twisted Goblin comes into view.
She is wearing a +0 scale mail of willpower and carrying a wand of acid (6).
The crimson imp closely misses you.
Natasha casts a spell.
Found a scroll labelled KIASSI MEOWN.
The crimson imp blinks!
Natasha zaps a wand.
The puff of flame hits you!
You die...

.. ..# # #######.####..#.###
## ........##....#.... ...
.................# #..
...##.....##..##.## ...
..###..# #<..##..##.#
.......####.#........#
....##..#...#....5.######
###.....#.).÷...@..h5>$.##
###...#....<#.##.###§...$#
...........##.#..#...##....#
###.....#.)##.#.##.### .?g#
#..###.....#....).# .. #.##
##........#### #.. ##.#
#..#......## ##..... .h.#
##.##.......##....... h###
#..##..........#.#...


You could see Natasha, a crimson imp (summoned) and a white imp (summoned).

Vanquished Creatures
  A scorpion (D:2)
  Natasha (twice) (D:3)
  3 adders
  2 worms (D:2)
  A dart slug (D:1)
  A leopard gecko (D:3)
  A ball python (D:1)
  2 giant cockroaches (D:1)
  7 goblins
  13 hobgoblins
  9 jackals
  3 kobolds
  12 bats
  2 frilled lizards
  9 rats
68 creatures vanquished.

Notes
Turn   | Place    | Note
-------+----------+-------------------------------------------
     0 | D:1      | DearestLeader the Spriggan Enchanter began the quest for
                  | the Orb.
     0 | D:1      | Reached XP level 1. HP: 9/9 MP: 5/5
   254 | D:1      | Reached XP level 2. HP: 11/13 MP: 4/6
   358 | D:1      | Learned a level 2 spell: Ensorcelled Hibernation
   825 | D:1      | Reached skill level 5 in Stealth
  1084 | D:1      | Reached XP level 3. HP: 16/16 MP: 5/8
  1781 | D:2      | Found a broken altar of Ashenzari.
  1901 | D:2      | Noticed a scorpion
  1908 | D:2      | Killed a scorpion
  1909 | D:2      | Reached XP level 4. HP: 21/21 MP: 9/9
  2135 | D:2      | Reached skill level 6 in Stealth
  2349 | D:3      | Reached XP level 5. HP: 24/24 MP: 7/10
  2377 | D:3      | Noticed Natasha
  2388 | D:3      | Killed Natasha
  2764 | D:3      | Noticed Natasha
  2908 | D:3      | Killed Natasha
  3154 | D:3      | Found a stormy altar of Qazlal.
  3159 | D:3      | Noticed an air elemental
  3160 | D:3      | Noticed a fire elemental
  3160 | D:3      | Noticed a water elemental
  3201 | D:3      | Noticed Natasha
  3214 | D:3      | Noticed Ijyb
  3218 | D:3      | Killed from afar by Natasha

Illustrated notes

Levels and vault maps discovered:
D:1:      shiori_arrival_elements, layout_loops_ring
D:2:      minmay_inner_zag, layout_rooms, nicolae_ashenzari_panopticon,
          minmay_heptomino_l4
D:3:      layout_rooms, pdpol_wu_jian_five_deadly_venoms,
          nicolae_qazlal_style_of_elements, uniq_natasha, uniq_ijyb

Skill      XL: |  1  2  3  4 |
---------------+-------------+-----
Short Blades   | 2 3 4 |  4.9
Hexes          | 4 |  4.0
Stealth        | 5 6 |  6.4
Dodging        | |  3.0
Spellcasting   | |  2.6

Action                   |  1- 3 |  4- 6 || total
-------------------------+-------+-------++-------
Melee: Dagger            |   140 |    35 ||   175
 Cast: Corona            |    10 |       ||    10
       Ensorcelled Hiber |    12 |    22 ||    34
  Use: Potion            |       |     1 ||     1
 Stab: Sleeping          |    23 |    18 ||    41
       Distracted        |       |     1 ||     1
Armor: Robe              |    28 |     6 ||    34
Dodge: Dodged            |   132 |    53 ||   185
